 Dungeon Crawl Stone Soup version 0.27.1-34-g3ba077fa99 (webtiles) character file.

Game seed: 17696710977504132188

63 Romesagentofchaos the Sneak (level 4, -5/29 HPs)
             Began as an Octopode Brigand on Jan 25, 2022.
             Slain by a gnoll (9 damage)
             ... on level 3 of the Dungeon.
             The game lasted 00:03:58 (823 turns).

Romesagentofchaos the Sneak (Octopode Brigand)       Turns: 823, Time: 00:04:00

Health: -5/29      AC:  1    Str: 10    XL:     4   Next: 10%
Magic:  0/4        EV: 13    Int: 13    God:
Gold:   55         SH:  0    Dex: 20    Spells: 3/3 levels left

rFire    + . .     SeeInvis .   a - +2 dagger
rCold    . . .     Faith    .   (no shield)
rNeg     . . .     Spirit   +   (helmet restricted)
rPois    .         Reflect  .   h - amulet of guardian spirit
rElec    .         Harm     .   d - ring of protection from fire
rCorr    .         Rampage  .   e - +6 ring of dexterity
Will     .....                  (no ring)
Stlth    +++++.....             (no ring)
HPRegen  0.09/turn              (no ring)
MPRegen  0.09/turn              (no ring)
                                (no ring)
                                (no ring)

@: no status effects
A: almost no armour, amphibious, 8 rings, camouflage 1, gelatinous body 1,
(nimble swimmer 1), tentacles
a: no special abilities


You were on level 3 of the Dungeon.
You visited 1 branch of the dungeon, and saw 3 of its levels.

You collected 55 gold pieces.

Inventory:

Hand Weapons
 a - a +2 dagger (weapon)
Missiles
 b - 20 poisoned darts (quivered)
 c - 2 curare-tipped darts
Jewellery
 d - a ring of protection from fire (left tentacle)
 e - a +6 ring of dexterity (right tentacle)
 h - an amulet of guardian spirit (around mantle)


   Skills:
 + Level 2.1 Fighting
 + Level 2.5 Short Blades
 + Level 2.3 Throwing
 + Level 1.0 Dodging
 + Level 6.8 Stealth


You had 3 spell levels left.
You didn't know any spells.
Your spell library was empty.

Dungeon Overview and Level Annotations

Branches:
Dungeon (3/15)

Altars:


Innate Abilities, Weirdness & Mutations

You cannot wear most types of armour.
You are amphibious.
You can wear up to eight rings at the same time.
Your skin changes colour to match your surroundings (Stealth+).
Your rubbery body absorbs attacks. (AC +1, EV +1)
((You are camouflaged near water. (Stealth+)))
You have tentacles for arms and can constrict up to eight enemies at once.


Message History

You hit the gnoll. You squeeze the gnoll.
The gnoll is heavily wounded.
You constrict the gnoll, but do no damage.
You hear an angry hiss.
The gnoll barely misses you.
You hit the gnoll.
The gnoll is severely wounded.
You constrict the gnoll.
The gnoll escapes!
You closely miss the gnoll. Your grab misses the gnoll.
The gnoll is severely wounded.
The gnoll barely misses you. x2
The gnoll shaman calls upon its god to heal the gnoll.
The gnoll is healed somewhat.
You hit the gnoll.
You kill the gnoll!
The gnoll hits you from afar with a +0 spear!
* * * LOW HITPOINT WARNING * * *
You have reached level 4!
You feel better. The gnoll hits you but does no damage.
The gnoll shaman calls upon its god to heal the gnoll.
The gnoll's wounds heal themselves!
It was a potion of heal wounds.
You feel much better.
The gnoll hits you from afar with a +0 spear!
The gnoll hits you from afar with a +0 spear.
The gnoll shaman hits you with a +0 whip!
* * * LOW HITPOINT WARNING * * *
You hit the gnoll shaman. You grab the gnoll shaman.
Your squeeze misses the gnoll shaman.
The gnoll shaman is lightly wounded.
You constrict the gnoll shaman. The gnoll closely misses you.
The gnoll misses you.
The gnoll shaman invokes the aid of its god against you.
You resist with some effort.
You hit the gnoll shaman but do no damage.
You squeeze the gnoll shaman, but do no damage.
The gnoll shaman is moderately wounded.
You constrict the gnoll shaman, but do no damage.
The gnoll misses you.
The gnoll hits you from afar with a +0 spear!
You die...

### #..
###.###
.....#####
#....((..g
#.g.(...#
#)gg.gg.#
##g# #)@#
#...##
#..(.
#..###
.... ...
..


You could see a gnoll shaman, 2 gnolls and a goblin.

Vanquished Creatures
  A gnoll (D:3)
  3 adders (D:2)
  A worm (D:2)
  2 dart slugs (D:2)
  A ball python (D:2)
  2 endoplasms (D:2)
  2 goblins
  A hobgoblin (D:2)
  3 bats (D:2)
  3 frilled lizards (D:2)
  4 rats
23 creatures vanquished.

Notes
Turn   | Place    | Note
-------+----------+-------------------------------------------
     0 | D:1      | Romesagentofchaos the Octopode Brigand began the quest for
                  | the Orb.
     0 | D:1      | Reached XP level 1. HP: 14/14 MP: 1/1
    78 | D:1      | You fall into a shaft and drop 1 floor!
    97 | D:2      | Reached skill level 6 in Stealth
    97 | D:2      | Reached XP level 2. HP: 9/19 MP: 2/2
   513 | D:2      | Reached XP level 3. HP: 24/24 MP: 3/3
   819 | D:3      | HP: 1/24 [gnoll (8)]
   820 | D:3      | Reached XP level 4. HP: 1/29 MP: 0/4
   823 | D:3      | Slain by a gnoll

Illustrated notes

Levels and vault maps discovered:
D:1:      minmay_arrival_solitary_statue, layout_loops_corners,
          shapermc_ecumenical_altar_totnotflames, kennysheep_flooded_box,
          minmay_hexomino_r4
D:2:      layout_rooms
D:3:      layout_rooms, ebering_ghost_reflecting_pool

Skill      XL: |  1 |
---------------+----+-----
Stealth        | 6 |  6.8
Fighting       | |  2.1
Short Blades   | |  2.5
Throwing       | |  2.3
Dodging        | |  1.0

Action                   |  1- 3 |  4- 6 || total
-------------------------+-------+-------++-------
Melee: Dagger            |    49 |     2 ||    51
       Tentacles         |    11 |     1 ||    12
       Constrict         |    10 |     1 ||    11
Throw: Dart              |    11 |       ||    11
  Use: Scroll            |     3 |       ||     3
       Potion            |     2 |     2 ||     4
 Stab: Sleeping          |     8 |       ||     8
Armor: Skin              |     5 |     1 ||     6
Dodge: Dodged            |    23 |     3 ||    26
